[Event "Vaujany Principal"]
[Site "Vaujany"]
[Date "2012.07.19"]
[Round "9.15"]
[White "Frick, Christof"]
[Black "Veys, Vincent"]
[Result "1-0"]
[ECO "A00"]
[WhiteElo "2258"]
[BlackElo "2041"]
[PlyCount "119"]
[EventDate "2012.07.07"]
[SourceDate "2012.07.12"]
[WhiteTeamCountry "IND"]
[BlackTeamCountry "URS"]
[TimeControl "240+2"]

{1024MB, Fritz8.ctg} 1. g3 Nf6 2. Bg2 d5 3. d3 e5 4. Nd2 c6 5. Ngf3 Bd6 6. e4
O-O 7. h3 h6 8. O-O Re8 9. b3 Nbd7 10. Bb2 Nf8 11. Re1 Ng6 12. c3 Bc7 13. Qc2
Nh7 14. d4 dxe4 15. Nxe5 Nxe5 16. dxe5 Ng5 17. Nxe4 Nxh3+ 18. Kh2 Ng5 19. Rad1
Qe7 20. Nd6 Rd8 21. f4 Nh7 22. c4 Bg4 23. Nf5 Bxf5 24. Qxf5 Ba5 25. Rf1 Bb6 26.
Qe4 Rxd1 27. Rxd1 Rd8 28. Rxd8+ Bxd8 29. Bh3 Bb6 30. Qe1 a6 31. b4 c5 32. a3
cxb4 33. axb4 Nf8 34. c5 Bc7 35. Bd4 Qd8 36. Qe4 Ne6 37. Be3 Qd1 38. Qc4 Nd8
39. Qa2 Qe1 40. Qd2 Qxd2+ 41. Bxd2 Ne6 42. Be3 Kf8 43. Bg2 Nd8 44. Bd5 Ke7 45.
Kg2 Nc6 46. Bd2 Nd8 47. Kf3 Bb8 48. Ke4 Ba7 49. f5 a5 50. Bxb7 Nxb7 51. c6 Nd6+
52. exd6+ Kxd6 53. b5 Bb6 54. Bf4+ Ke7 55. Kd5 Kd8 56. g4 Kc8 57. f6 g5 58. Bd6
Bd8 59. Kc5 a4 60. b6 1-0

[Event "Vaujany Principal"]
[Site "Vaujany"]
[Date "2012.07.20"]
[Round "9.16"]
[White "Deleva, Michael"]
[Black "Gonella, Daniele"]
[Result "0-1"]
[ECO "B22"]
[WhiteElo "2121"]
[BlackElo "2255"]
[PlyCount "50"]
[EventDate "2012.07.07"]
[SourceDate "2012.07.12"]
[WhiteTeamCountry "IND"]
[BlackTeamCountry "URS"]
[TimeControl "240+2"]

{1024MB, Fritz8.ctg} 1. e4 c5 2. c3 Nf6 3. e5 Nd5 4. Nf3 Nc6 5. Bc4 e6 6. O-O
Nb6 7. Bb3 d5 8. d4 Be7 9. Re1 Qc7 10. Bf4 Bd7 11. Nbd2 h6 12. dxc5 Bxc5 13.
Nd4 Bxd4 14. cxd4 Nxd4 15. Ne4 Nf5 16. Nd6+ Nxd6 17. exd6 Qc5 18. Qg4 Qd4 19.
Qg3 Rg8 20. Be5 Qb4 21. Rac1 Bc6 22. Bc3 Qb5 23. Bf6 Kd7 24. Bxg7 Qb4 25. Qh4
$4 Qxh4 0-1

[Event "Vaujany Principal"]
[Site "Vaujany"]
[Date "2012.07.20"]
[Round "9.17"]
[White "Soyer, Jean-Yves"]
[Black "Viennot, Dylan"]
[Result "1/2-1/2"]
[ECO "A13"]
[WhiteElo "2056"]
[BlackElo "2149"]
[Annotator "Jean-pierre,LEES"]
[PlyCount "120"]
[EventDate "2012.07.07"]
[SourceDate "2012.07.12"]
[WhiteTeamCountry "IND"]
[BlackTeamCountry "URS"]
[TimeControl "240+2"]

{1024MB, Fritz8.ctg} 1. Nf3 Nf6 2. c4 e6 3. g3 d5 4. Bg2 Nbd7 (4... Be7 5. d4
O-O 6. O-O dxc4) 5. O-O dxc4 6. Qa4 a6 7. Qxc4 b5 8. Qc2 Bb7 9. a4 c5 10. axb5
axb5 11. Rxa8 Bxa8 (11... Qxa8 12. Na3 Bc6) 12. b3 Be7 13. Nc3 Qb6 14. Qd3 Bc6
15. Ne1 b4 16. Bxc6 Qxc6 17. Na4 h5 18. Qf3 Qd5 19. Qxd5 exd5 20. d3 O-O 21.
Ng2 c4 22. dxc4 dxc4 23. bxc4 Ra8 24. Nb2 Ne4 25. Rd1 Ndc5 26. Nf4 Nc3 27. Re1
Nb3 28. Kf1 Ra2 29. Nbd3 Rc2 30. Nd5 Nxd5 31. cxd5 Na5 32. e4 Nc4 33. e5 b3 34.
d6 Bd8 35. Nb4 Rxc1 36. Rxc1 b2 37. Rd1 b1=Q 38. Rxb1 Nd2+ 39. Kg2 Nxb1 40. Nc6
Bb6 41. d7 Kf8 $11 {proposition de nulle} 42. f4 g6 43. g4 (43. d8=Q+ Bxd8 44.
Nxd8 $16) 43... hxg4 44. Kg3 Nd2 45. Kxg4 Nf1 46. h3 Ne3+ 47. Kg5 Nd5 48. h4 (
48. d8=Q+ Bxd8+ 49. Nxd8 Kg7) 48... Bc7 49. d8=Q+ Bxd8+ 50. Nxd8 Kg7 51. f5
gxf5 52. Kxf5 Ne7+ 53. Kg5 Ng6 54. Nc6 Nf8 (54... Nxe5 55. Nxe5 f6+ 56. Kf5
fxe5 57. Kxe5 $11) 55. Nd4 (55. Kf5 Ne6 56. Kg4 Nf8 57. Nd4 Nd7 58. Nf5+ Kh7
59. Kf4 Kg6 60. Ng3) 55... Nd7 56. Kf5 Kh6 57. Nf3 Kh5 58. Ke4 Kg4 59. Kd5 Nf8
60. Ke4 Ng6 1/2-1/2

[Event "Vaujany Principal"]
[Site "Vaujany"]
[Date "2012.07.20"]
[Round "9.18"]
[White "Gombos, Bettina"]
[Black "Gelas, Christophe"]
[Result "1/2-1/2"]
[ECO "C06"]
[WhiteElo "1966"]
[BlackElo "2148"]
[Annotator "Jean-pierre,LEES"]
[PlyCount "94"]
[EventDate "2012.07.07"]
[SourceDate "2012.07.12"]
[WhiteTeamCountry "IND"]
[BlackTeamCountry "URS"]
[TimeControl "240+2"]

{1024MB, Fritz8.ctg} 1. e4 e6 2. d4 d5 3. Nd2 Nf6 4. e5 Nfd7 5. Bd3 c5 6. c3
Nc6 7. Ne2 Qb6 (7... cxd4 8. cxd4 f6 9. exf6 Nxf6 10. O-O Bd6 11. Nf3 O-O 12.
Bf4 Bxf4 13. Nxf4 Ne4 14. Ne2) 8. Nf3 cxd4 9. cxd4 f6 10. exf6 Nxf6 11. O-O Bd6
12. Bf4 Bxf4 13. Nxf4 Qxb2 (13... O-O 14. Re1 (14. Qd2) 14... Ne4 15. g3 Qxb2
16. Bxe4 dxe4 17. Rxe4 Bd7 18. d5 (18. Nxe6 $4 Rxf3 19. Qxf3 Qxa1+) 18... exd5
19. Qxd5+ Rf7 20. Rae1 h6) 14. Re1 O-O 15. Nxe6 Bxe6 16. Rxe6 Rae8 17. Rxe8
Rxe8 18. Rb1 Qxa2 19. Rxb7 Ne4 20. Qf1 Re7 21. Rxe7 Nxe7 22. Qe1 Nf5 23. Bxe4
dxe4 24. Qxe4 Qa1+ 25. Ne1 g6 26. d5 Qf6 27. g3 Qe7 28. Qxe7 Nxe7 29. d6 Nc6
30. Nd3 Kf7 31. Nc5 Ne5 32. Kf1 Nc4 33. d7 Ke7 34. Ke2 Ne5 35. d8=Q+ Kxd8 36.
f4 Nd7 37. Nb7+ Kc7 38. Na5 Kb6 39. Nc4+ Kc5 40. Kd3 Kb4 41. Kd4 a5 42. g4 a4
43. f5 gxf5 44. gxf5 Nf6 45. Ne3 Kb3 46. Nc4 Kb4 47. Ne3 Kb3 1/2-1/2

[Event "Vaujany Principal"]
[Site "Vaujany"]
[Date "2012.07.20"]
[Round "9.19"]
[White "Houard, Sebastien"]
[Black "N'Guyen, Emilien"]
[Result "1/2-1/2"]
[ECO "B13"]
[WhiteElo "2089"]
[BlackElo "2027"]
[PlyCount "81"]
[EventDate "2012.07.07"]
[SourceDate "2012.07.12"]
[WhiteTeamCountry "IND"]
[BlackTeamCountry "URS"]
[TimeControl "240+2"]

{1024MB, Fritz8.ctg} 1. e4 c6 2. d4 d5 3. exd5 cxd5 4. Bd3 Nc6 5. c3 Qc7 6. Ne2
Bg4 7. f3 Bd7 8. Bf4 e5 9. dxe5 Nxe5 10. Bc2 Nf6 11. Nd2 Bd6 12. Bg3 O-O 13.
Nb3 Nc4 14. Qc1 Rfe8 15. Bxd6 Qxd6 16. Nbd4 Ne3 17. Kf2 Qe5 18. h3 Qg5 19. g3
Qe5 20. Nf4 Nh5 21. Nxh5 Qxh5 22. Bd3 Re7 23. Qd2 Rae8 24. Rae1 Nc4 25. Bxc4
dxc4 26. h4 Qa5 27. a3 Qb6 28. Rxe7 Rxe7 29. Re1 Rxe1 30. Kxe1 h6 31. Qe2 Qd6
32. Kf2 Qb6 33. Kg2 a6 34. Qd2 Be6 35. f4 Bd7 36. f5 Qf6 37. Qf4 Qb6 38. Qf2
Qd6 39. Qf3 Bc6 40. Nxc6 bxc6 41. Qf2 1/2-1/2

[Event "Vaujany Principal"]
[Site "Vaujany"]
[Date "2012.07.20"]
[Round "9.20"]
[White "Haver, Daan"]
[Black "Deleva, Mathias"]
[Result "0-1"]
[ECO "C18"]
[WhiteElo "1961"]
[BlackElo "2061"]
[Annotator "Jean-pierre,LEES"]
[PlyCount "88"]
[EventDate "2012.07.07"]
[SourceDate "2012.07.12"]
[WhiteTeamCountry "IND"]
[BlackTeamCountry "URS"]
[TimeControl "240+2"]

{1024MB, Fritz8.ctg} 1. e4 e6 2. d4 d5 3. Nc3 Bb4 4. e5 c5 5. a3 Bxc3+ 6. bxc3
Ne7 7. Qg4 cxd4 8. Qxg7 Rg8 9. Qxh7 Qc7 10. Ne2 Nbc6 11. f4 Bd7 12. Qd3 dxc3
13. Nxc3 a6 14. Rb1 Na5 15. h4 Nf5 16. Rh3 O-O-O 17. h5 d4 (17... Nc4) 18. Ne4
Bb5 19. Rxb5 axb5 20. Nf6 Rh8 21. Qxb5 Qxc2 22. Bd2 Ne3 23. Qd3 (23. Qe2) 23...
Qd1+ 24. Kf2 Nac4 25. Ne4 Nxd2 (25... Rxh5 26. Bb4 (26. Rxh5 Qxh5 $19) 26...
Rxh3) 26. Nxd2 Nxf1 27. Nxf1 Qxd3 28. Rxd3 Rxh5 29. Ng3 Rh2 30. Kf3 Kc7 31. Ne4
Kc6 32. Nd6 Rg8 33. Nxf7 Rhxg2 34. Ng5 R2xg5 35. fxg5 Kd5 36. Rb3 Rxg5 37. Rxb7
Rxe5 38. a4 Kc4 39. Kf4 Rd5 40. Ke4 d3 41. Rb1 (41. Rc7+ Kb3 42. Rb7+ Ka2 43.
Ra7 d2 $19) 41... d2 42. Rd1 Kc3 43. Ke3 Kc2 44. Ke2 Re5+ 0-1

[Event "Vaujany Principal"]
[Site "Vaujany"]
[Date "2012.07.30"]
[Round "9.21"]
[White "Brest , Jean-François"]
[Black "Ruecker, Benjamin"]
[Result "0-1"]
[ECO "E11"]
[WhiteElo "2046"]
[BlackElo "2260"]
[Annotator "Jean-pierre,LEES"]
[PlyCount "102"]
[SourceDate "2012.07.12"]
[WhiteTeamCountry "IND"]
[BlackTeamCountry "URS"]
[TimeControl "240+2"]

{1024MB, Fritz8.ctg
} 1. d4 Nf6 2. c4 e6 3. g3 d5 4. Nf3 Bb4+ 5. Bd2 Be7 6. Bg2
c6 7. Qc2 O-O 8. O-O b6 9. Rd1 dxc4 (9... Nbd7 10. Bf4 Bb7 11. Nc3 Rc8) 10. Ne5
b5 11. Nxc6 Nxc6 12. Bxc6 Rb8 13. Bf4 Rb6 14. Bg2 Nd5 15. e4 Nb4 16. Qe2 Nd3
17. Be3 Ba6 18. e5 Bb7 19. d5 exd5 20. Bxb6 Qxb6 21. Nc3 Bc5 22. Rxd3 cxd3 23.
Qxd3 Bxf2+ 24. Kh1 Bd4 25. Nxd5 Bxd5 26. Bxd5 Bxe5 27. Rf1 Bf6 28. Be4 g6 29.
Qb3 Qd4 30. Qd5 Qxb2 31. Rb1 Qf2 32. Qxb5 Qxa2 33. Bd5 Qc2 34. Rf1 Kg7 35. Qa6
Qb2 36. Qxa7 Qb5 37. Bg2 Re8 38. Qf2 Qe5 39. Qf4 Qb2 40. Rf2 Re1+ 41. Bf1 Qa1
42. Kg2 Re7 43. Bc4 h5 44. Qd6 h4 45. Qd5 Qe1 46. gxh4 Qe4+ 47. Kh3 Qxh4+ 48.
Kg2 Qg4+ 49. Kf1 Rd7 50. Rg2 Qf4+ 51. Rf2 Qc1+ 0-1

[Event "Vaujany Principal"]
[Site "Vaujany"]
[Date "2012.07.30"]
[Round "9.22"]
[White "Skinke, Katrina"]
[Black "Vledouts, Sacha"]
[Result "1-0"]
[ECO "C42"]
[WhiteElo "2238"]
[BlackElo "2035"]
[Annotator "Jean-pierre,LEES"]
[PlyCount "40"]
[SourceDate "2012.07.12"]
[WhiteTeamCountry "IND"]
[BlackTeamCountry "URS"]
[TimeControl "240+2"]

{1024MB, Fritz8.ctg
} 1. e4 e5 2. Nf3 Nf6 3. Nxe5 d6 4. Nf3 Nxe4 5. d4 d5 6.
Bd3 Nc6 7. O-O Be7 8. Re1 (8. c4) 8... Bg4 9. c3 O-O 10. Bxe4 dxe4 11. Rxe4 f5
12. Re1 Bd6 13. Qb3+ Kh8 14. Ng5 Bh5 15. Bd2 h6 16. Ne6 Qh4 17. f4 Nd8 18. g3
Qh3 19. Nxf8 Bf3 20. Ng6+ Kh7 1-0

[Event "Vaujany Principal"]
[Site "Vaujany"]
[Date "2012.07.30"]
[Round "9.23"]
[White "Borderie, David"]
[Black "Moal, Alain"]
[Result "0-1"]
[ECO "D95"]
[WhiteElo "1986"]
[BlackElo "2175"]
[PlyCount "90"]
[SourceDate "2012.07.12"]
[WhiteTeamCountry "IND"]
[BlackTeamCountry "URS"]
[TimeControl "240+2"]

{1024MB, Fritz8.ctg
} 1. Nf3 Nf6 2. c4 g6 3. Nc3 d5 4. d4 Bg7 5. e3 (5. Qb3
dxc4 6. Qxc4 O-O 7. e4) 5... O-O 6. Qb3 e6 7. Bd2 b6 8. cxd5 exd5 9. Rc1 Bb7
10. Bd3 c6 11. O-O Nbd7 12. e4 dxe4 13. Nxe4 c5 14. Nfg5 Nxe4 15. Nxe4 Bxd4 16.
Bh6 Bg7 17. Bxg7 Kxg7 18. Rfd1 Qe7 19. Ng3 Nf6 20. Qc3 Rad8 21. Re1 Qd6 22. Be4
Bxe4 23. Nxe4 Qd4 24. Nxf6 Qxf6 25. Qxf6+ Kxf6 26. Re2 Rfe8 27. Rec2 Re4 28.
Kf1 Rdd4 (28... Rd5 29. f3 Ree5 30. g3 h5 31. Re2 Rxe2 32. Kxe2 Ke5 33. Ke3)
29. f3 Re5 30. g3 h5 31. Re2 Rxe2 32. Kxe2 Ke5 33. Ke3 Kd5 34. b3 b5 35. Rc2 c4
36. bxc4+ bxc4 37. Rb2 Rd3+ 38. Ke2 Ra3 39. Rd2+ Kc5 40. Kf2 c3 41. Rc2 Kd4 42.
Ke2 Ra6 43. Kd1 Rb6 44. Ke2 Rb2 45. Kd1 Kd3 0-1

[Event "Vaujany Principal"]
[Site "Vaujany"]
[Date "2012.07.30"]
[Round "9.24"]
[White "Chauvet, Vincent"]
[Black "Petrone, Gianmario"]
[Result "1/2-1/2"]
[ECO "A65"]
[WhiteElo "2118"]
[BlackElo "1930"]
[Annotator "Jean-pierre,LEES"]
[PlyCount "159"]
[SourceDate "2012.07.12"]
[WhiteTeamCountry "IND"]
[BlackTeamCountry "URS"]
[TimeControl "240+2"]

{1024MB, Fritz8.ctg
} 1. d4 Nf6 2. c4 g6 3. Nc3 Bg7 4. e4 d6 5. f3 O-O 6. Bg5 (
6. Be3) 6... c5 7. d5 e6 8. Qd2 exd5 9. cxd5 a6 10. a4 Nbd7 11. Nh3 Qc7 (11...
Qa5) 12. Bd3 (12. Nf2 Rb8 13. Be2 c4 14. Ra3 b5 15. axb5 axb5 16. b4 Nc5 17.
bxc5 b4) 12... Rb8 13. Nf2 c4 14. Bc2 b5 15. axb5 axb5 16. O-O Nc5 17. Ne2 Bd7
18. Bh6 Bxh6 19. Qxh6 Ra8 20. Rae1 Ra2 21. Qc1 Qb6 22. Bb1 Ra7 23. Qc3 Ne8 24.
Kh1 Na4 25. Qc1 Qc5 26. Ng3 Qb4 27. Nd1 Nc5 28. Bc2 Ng7 29. f4 Nd3 30. Bxd3
cxd3 31. Qe3 Ra2 32. Qxd3 Bg4 33. Qc3 Qxc3 34. bxc3 Bxd1 35. Rxd1 Rc8 36. Rc1
Ra3 37. Ne2 Re8 38. Nd4 Rxe4 39. Nxb5 Ra2 40. Nxd6 Ree2 41. Rg1 Nh5 42. Rcf1 (
42. c4 Nxf4 43. Rce1 Rxe1 44. Rxe1 Nxg2 45. Re8+ Kg7 46. h3) 42... Rec2 43. Ne4
Ra4 44. d6 f5 (44... Rxe4 $2 45. d7) 45. d7 Ra8 46. Ng5 (46. Nc5 Nf6 47. Ra1
Rd8 48. Rgc1 Rxc1+ 49. Rxc1 Kf7 (49... Nxd7 $2 50. Rd1) 50. Rd1 Ke7 51. Re1+
Kf7 (51... Kd6 52. Nb7+) 52. Kg1 Nxd7 53. Rd1 Ke8 54. Nxd7 Rxd7 55. Rxd7 Kxd7
56. Kf2 Kc6 57. Ke3 Kc5 58. Kd3 $18) 46... Rd8 47. Rd1 Nf6 48. Rd6 Ne4 49. Nxe4
fxe4 50. Re1 Rxc3 51. Kg1 Rc7 52. Rxe4 Rcxd7 53. Rxd7 Rxd7 54. Kf2 Kf7 55. g4
Rd3 56. Re3 Rd2+ 57. Kg3 Rd1 58. Ra3 Rd7 59. g5 Kg7 60. Kg4 h6 61. h4 hxg5 62.
hxg5 Rb7 63. Kf3 Re7 64. Ra5 Kf7 65. Ra6 Kg7 66. Rf6 Re8 67. Ra6 Re7 68. Ra4
Kf7 69. Rb4 Kg7 70. Re4 Ra7 71. Ke3 Kf7 72. Rb4 Ke8 73. Kf3 Kf7 74. Kg4 Re7 75.
f5 gxf5+ 76. Kxf5 Ra7 77. Rb5 Ra6 78. Rb7+ Kg8 79. g6 Ra1 80. Kf6 1/2-1/2

[Event "Vaujany Principal"]
[Site "Vaujany"]
[Date "2012.07.20"]
[Round "9.25"]
[White "Coppola, Federico"]
[Black "Neuhauser, Salome"]
[Result "0-1"]
[ECO "B94"]
[WhiteElo "1844"]
[BlackElo "2067"]
[Annotator "Jean-pierre,LEES"]
[PlyCount "46"]
[SourceDate "2012.07.12"]
[WhiteTeamCountry "IND"]
[BlackTeamCountry "URS"]
[TimeControl "240+2"]

{1024MB, Fritz8.ctg
} 1. e4 c5 2. Nf3 d6 3. d4 cxd4 4. Nxd4 Nf6 5. Nc3 a6 6.
Bg5 Nbd7 7. f4 g6 (7... e6) 8. Qd2 Bg7 9. O-O-O Qc7 10. Be2 b5 11. Bf3 Bb7 12.
Rhe1 O-O 13. e5 dxe5 14. fxe5 b4 15. Nb1 $6 (15. exf6 bxc3 16. Qxc3 Qxc3 17.
bxc3 Bxf6 (17... exf6 18. Bxb7) 18. Bxf6 Bxf3 19. Nxf3 Nxf6 $14) 15... Bxf3 (
15... Nd5) 16. Nxf3 b3 17. axb3 Nc5 18. Nc3 Ng4 19. Bxe7 $6 (19. Qd4 $18) 19...
Qxe7 20. Nd5 Qe6 21. Qb4 Rfc8 22. Nb6 Rab8 23. Rd6 {Diagramme #} Qxd6 {
abandon (24 exd6 Cd3+ regagne la dame} 0-1

[Event "Vaujany Principal"]
[Site "Vaujany"]
[Date "2012.07.20"]
[Round "9.26"]
[White "De Lagontrie"]
[Black "Mahiouz, Oualid"]
[Result "1-0"]
[ECO "A68"]
[WhiteElo "1868"]
[BlackElo "2096"]
[Annotator "Jean-pierre,LEES"]
[PlyCount "55"]
[SourceDate "2012.07.12"]
[WhiteTeamCountry "IND"]
[BlackTeamCountry "URS"]
[TimeControl "240+2"]

{1024MB, Fritz8.ctg
} 1. d4 Nf6 2. c4 c5 3. d5 e6 4. Nc3 exd5 5. cxd5 d6 6. e4
g6 7. f4 Bg7 8. Nf3 (8. Bb5+ Nfd7 9. a4 O-O) 8... O-O 9. Be2 b5 $5 (9... Re8
10. e5 dxe5 11. fxe5 Ng4 12. Bg5) (9... Bg4 10. O-O Nbd7 11. Re1 Re8 12. h3
Bxf3 13. Bxf3 Qa5) 10. e5 dxe5 11. fxe5 Ng4 12. Bg5 Qb6 13. O-O Nxe5 (13... c4+
14. Kh1 Nd7 15. e6 fxe6 16. dxe6 Ndf6 17. e7 Re8 18. Qd4) (13... Nd7 14. e6
fxe6 15. dxe6 Qxe6 16. Nxb5 Ba6 17. Nc7 Bxe2 18. Nxe6 Bxd1 19. Rfxd1) 14. Be7
Re8 (14... c4+ 15. Kh1 Nbd7 16. d6 Bb7 17. Nd5 Bxd5 18. Qxd5 Ng4) 15. d6 Bb7
16. Nxe5 Bxe5 17. Bf3 Nd7 18. Bd5 Bd4+ 19. Kh1 Ne5 20. Qc2 Rab8 21. Bxb7 Qxb7
22. Rae1 Qd7 23. Ne4 Nc4 24. Qd3 Nb6 25. b4 f5 26. Nxc5 Bxc5 27. bxc5 Nc8 28.
Qd5+ {les noirs perdent leur dame apres 29 c6} 1-0

[Event "Vaujany Principal"]
[Site "Vaujany"]
[Date "2012.07.31"]
[Round "9.27"]
[White "Weisz, Jacques"]
[Black "Adam, Gyorgy Sr"]
[Result "0-1"]
[ECO "D93"]
[WhiteElo "1809"]
[BlackElo "2066"]
[Annotator "Jean-pierre,LEES"]
[PlyCount "106"]
[SourceDate "2012.07.12"]
[WhiteTeamCountry "IND"]
[BlackTeamCountry "URS"]
[TimeControl "240+2"]

{1024MB, Fritz8.ctg
} 1. d4 Nf6 2. c4 g6 3. Nc3 d5 4. Nf3 Bg7 5. Bf4 c6 (5...
O-O 6. Rc1 dxc4 7. e4 Bg4 8. Bxc4 Nh5 9. Be3 Bxf3 10. gxf3) 6. e3 O-O 7. Qb3
Re8 8. cxd5 Nxd5 9. Nxd5 cxd5 10. Bb5 Bd7 11. Bxd7 Qxd7 12. O-O Nc6 13. Qb5
Rad8 14. Rfd1 e5 15. dxe5 Nxe5 16. Qxd7 (16. Nd4) 16... Nxf3+ 17. gxf3 Rxd7 18.
Rd2 Red8 19. Rad1 b6 20. Rc2 Kf8 21. Kf1 Ke7 22. Rdc1 d4 23. exd4 Bxd4 24. b3
Bc5 25. Bg5+ f6 26. Re1+ Kf7 27. Be3 Bb4 28. Rec1 Bd6 29. Kg2 g5 30. h3 Be5 31.
Rc8 Kg6 32. Rxd8 Rxd8 33. Rc2 Rd7 34. Rd2 Rc7 35. Bd4 Bxd4 36. Rxd4 Rc2 37. Ra4
a5 38. Rd4 Rxa2 39. Rd6 b5 40. Rb6 b4 41. Ra6 Ra3 42. Kg3 h5 43. h4 gxh4+ 44.
Kxh4 Rxb3 45. Rxa5 Rxf3 46. Rb5 Rf4+ 47. Kg3 Re4 48. f3 Rd4 49. Rb8 Kg5 50. f4+
Rxf4 51. Rb5+ f5 52. Rb8 h4+ 53. Kg2 Re4 0-1

[Event "Vaujany Principal"]
[Site "Vaujany"]
[Date "2012.07.20"]
[Round "9.28"]
[White "Laehnwitz, Alexander"]
[Black "Hourlier, Claire"]
[Result "1-0"]
[ECO "B26"]
[WhiteElo "2031"]
[BlackElo "1964"]
[Annotator "Jean-pierre,LEES"]
[PlyCount "75"]
[SourceDate "2012.07.12"]
[WhiteTeamCountry "IND"]
[BlackTeamCountry "URS"]
[TimeControl "240+2"]

{1024MB, Fritz8.ctg
} 1. e4 c5 2. Nc3 Nc6 3. g3 g6 4. d3 Bg7 5. Bg2 d6 6. Be3
Rb8 7. Qd2 b5 8. f4 Nd4 (8... b4 9. Nd1 e6 10. Nf3) 9. Nd1 b4 10. c3 bxc3 11.
bxc3 Nc6 12. Ne2 Qc7 13. O-O h5 14. d4 cxd4 15. cxd4 h4 16. Rc1 Qd7 17. d5 Nd8
18. Bd4 Nf6 19. Ne3 hxg3 20. hxg3 Ba6 21. Rf2 Qa4 22. Nc3 Qb4 $6 23. Rb1 Qxb1+
24. Nxb1 Rxb1+ 25. Nd1 e5 26. Bb2 Ng4 27. Rf3 Bc4 28. Qc2 Bxa2 29. fxe5 f5 30.
exf6 Bh6 31. Bf1 Rh7 32. Nc3 Be3+ 33. Rxe3 Nxe3 34. Qa4+ Kf8 35. Nxb1 Bxb1 36.
Ba3 Nb7 37. Qc6 Bxe4 38. Qc8+ 1-0

[Event "Vaujany Principal"]
[Site "Vaujany"]
[Date "2012.07.20"]
[Round "9.29"]
[White "Haver, Bas"]
[Black "Abdesselem, Ahmed"]
[Result "1/2-1/2"]
[ECO "B86"]
[WhiteElo "2021"]
[BlackElo "1875"]
[Annotator "Jean-pierre,LEES"]
[PlyCount "112"]
[SourceDate "2012.07.12"]
[WhiteTeamCountry "IND"]
[BlackTeamCountry "URS"]
[TimeControl "240+2"]

{1024MB, Fritz8.ctg
} 1. e4 c5 2. Nf3 d6 3. d4 cxd4 4. Nxd4 Nf6 5. Nc3 a6 6.
Bc4 e6 7. Bb3 Be7 (7... b5 8. O-O Be7) 8. O-O O-O (8... b5 9. f4 Qc7) 9. f4 Qc7
(9... b5 10. e5 dxe5 11. fxe5 Nfd7 12. Qh5 Nc6 13. Nxc6 Qb6+ 14. Be3 Qxc6 15.
Rf3 Bb7 16. Rg3) 10. f5 e5 11. Nde2 Nbd7 12. Nd5 Nxd5 13. Bxd5 Nf6 14. Nc3 Bd7
15. Qf3 Bc6 16. Bb3 b5 17. a3 a5 18. Bg5 b4 19. axb4 axb4 20. Rxa8 Bxa8 21.
Bxf6 Bxf6 22. Ne2 Qc6 23. Ng3 Bh4 24. Re1 Qc5+ 25. Kh1 Kh8 26. Qg4 Bxg3 27.
hxg3 (27. Qxg3) 27... f6 28. Qf3 Rd8 29. Qd3 Bb7 30. Kh2 g5 31. g4 Kg7 32. Kg3
Rd7 33. Rd1 Bc6 34. Kf3 Bb5 35. Qd5 Qxd5 36. Rxd5 Bc6 37. Ra5 Rb7 38. Ra6 Be8
39. Rxd6 h5 40. gxh5 Bxh5+ 41. g4 Bf7 42. Bxf7 Kxf7 43. Ke3 Ke7 44. Rd5 Rb8 45.
Ra5 Rd8 46. Ra7+ Kf8 47. Rb7 Rd4 48. b3 Ke8 49. Rb5 Ke7 50. Rb6 Kf7 51. Rc6 Ke7
52. c4 bxc3 53. Rxc3 Rb4 54. Rd3 Ke8 55. Kf3 Ke7 56. Ke3 Ke8 1/2-1/2

[Event "Vaujany Principal"]
[Site "Vaujany"]
[Date "2012.07.20"]
[Round "9.30"]
[White "Roche, Yves"]
[Black "Bach, Anatole"]
[Result "0-1"]
[ECO "B40"]
[WhiteElo "1956"]
[BlackElo "2052"]
[Annotator "Jean-pierre,LEES"]
[PlyCount "54"]
[SourceDate "2012.07.12"]
[WhiteTeamCountry "IND"]
[BlackTeamCountry "URS"]
[TimeControl "240+2"]

{1024MB, Fritz8.ctg
} 1. e4 c5 2. Nf3 e6 3. d4 cxd4 4. Qxd4 Nc6 5. Qd1 d6 6.
Nbd2 Nf6 7. Bd3 Be7 8. c3 O-O 9. O-O Qc7 10. Re1 b6 11. Nf1 Bb7 12. Ng3 Ne5 13.
Bc2 Rfd8 14. Bf4 Ng6 15. Bd2 Rac8 16. Qe2 Nd7 17. Ng5 h6 18. Nxe6 fxe6 19. Qg4
Nde5 20. Qxe6+ Kh8 21. Qh3 Bf6 22. Bb3 Nf8 23. Re2 Nh7 24. Nh5 Bc6 25. f4 Bd7
26. Qg3 Nc4 27. Bc1 Qc5+ 0-1

[Event "Vaujany Principal"]
[Site "Vaujany"]
[Date "2012.07.20"]
[Round "9.31"]
[White "Hoyer, Hans-Gerd"]
[Black "Van Foreest, Lucas"]
[Result "0-1"]
[ECO "C50"]
[WhiteElo "2032"]
[BlackElo "1969"]
[Annotator "Jean-pierre,LEES"]
[PlyCount "104"]
[SourceDate "2012.07.12"]
[WhiteTeamCountry "IND"]
[BlackTeamCountry "URS"]
[TimeControl "240+2"]

{1024MB, Fritz8.ctg
} 1. e4 e5 2. Bc4 Nc6 3. Nf3 Bc5 (3... Nf6) 4. O-O d6 5. c3
Nf6 6. d4 exd4 7. cxd4 Bb6 8. Nc3 Bg4 9. d5 Nd4 10. Qa4+ Bd7 11. Qd1 Bg4 12.
Qa4+ Qd7 13. Qxd7+ Kxd7 14. Nxd4 Bxd4 15. h3 Bh5 16. Bd2 Rhe8 17. Rae1 Bg6 18.
Bd3 Bxc3 19. Bxc3 Nxd5 20. Bb5+ (20. Bxg7) 20... c6 21. Bxc6+ bxc6 22. exd5 c5
23. Rxe8 Rxe8 24. Bxg7 Be4 25. Bc3 Bxd5 26. b4 Bxa2 27. bxc5 dxc5 28. Rc1 Kd6
29. f4 Kd5 30. Kf2 Kc4 31. Be5+ Kb4 32. Bd6 Bc4 33. Rb1+ Bb3 34. Bxc5+ Kxc5 35.
Rxb3 a5 36. Rb7 Ra8 37. Rxf7 h6 38. Rf6 a4 39. Re6 a3 40. Re1 a2 41. Ra1 Ra3
42. g3 (42. g4) 42... Kd4 43. Rd1+ Kc3 44. g4 (44. f5 a1=Q 45. Rxa1 Rxa1) 44...
a1=Q 45. Rxa1 Rxa1 46. g5 hxg5 47. fxg5 Kd4 48. Kf3 Ke5 49. Kg4 Rg1+ 50. Kh5
Kf5 51. h4 Rg4 52. g6 Kf6 (52... Rxg6 {pat}) 0-1

[Event "Vaujany Principal"]
[Site "Vaujany"]
[Date "2012.07.20"]
[Round "9.32"]
[White "Deville, Hugo"]
[Black "Hodot, Yves"]
[Result "1-0"]
[ECO "C05"]
[WhiteElo "1927"]
[BlackElo "1915"]
[Annotator "Jean-pierre,LEES"]
[PlyCount "75"]
[SourceDate "2012.07.12"]
[WhiteTeamCountry "IND"]
[BlackTeamCountry "URS"]
[TimeControl "240+2"]

{1024MB, Fritz8.ctg
} 1. e4 e6 2. d4 d5 3. Nd2 Nf6 4. e5 Nfd7 5. Bd3 c5 6. c3
Nc6 7. Ne2 f6 (7... cxd4 $142 8. cxd4 f6 9. exf6 Nxf6 10. O-O Bd6 11. Nf3 O-O
12. Bf4 Bxf4 13. Nxf4 Ne4) 8. Nf4 cxd4 $2 (8... Qe7 9. Nf3 cxd4 10. cxd4 fxe5
11. dxe5 (11. Ng6 hxg6 12. Bxg6+ Kd8 13. Bg5 Nf6 14. dxe5 Qb4+ 15. Qd2 Qxd2+
16. Kxd2 Be7 17. exf6 gxf6 18. Be3 $17) 11... Ndxe5 12. Nxe5 Nxe5 13. Qh5+ Nf7
14. O-O) 9. Nxe6 Qb6 10. Qh5+ g6 11. Bxg6+ hxg6 12. Qxh8 Ndxe5 13. Ng7+ $6 (13.
Qxf8+ Kd7) 13... Kf7 14. Nh5 Nd3+ 15. Ke2 Nxc1+ 16. Rhxc1 Ne5 17. Qh7+ Ke8 18.
Nf4 dxc3 19. bxc3 Qa6+ 20. c4 Bf5 21. Nxd5 Bd3+ 22. Ke1 Rc8 23. Qc7 Qe6 24.
Nxf6+ Qxf6 25. Qxc8+ Kf7 26. Qxb7+ Be7 27. a3 Nc6 28. Nf1 Kf8 29. Qc8+ Kg7 30.
Ne3 Nd4 31. Qd7 Qe5 32. Qd5 Nc2+ 33. Kd2 Qb2 34. Nxc2 Bxc2 35. Ke1 Bf6 36. Qd7+
Kh6 37. Qd2+ Bg5 38. Qxc2 1-0

[Event "Vaujany Principal"]
[Site "Vaujany"]
[Date "2012.07.20"]
[Round "9.33"]
[White "Drillat, Michel"]
[Black "Trin, Pierre"]
[Result "0-1"]
[ECO "D93"]
[WhiteElo "1910"]
[BlackElo "1858"]
[Annotator "Jean-pierre,LEES"]
[PlyCount "64"]
[SourceDate "2012.07.12"]
[WhiteTeamCountry "IND"]
[BlackTeamCountry "URS"]
[TimeControl "240+2"]

{1024MB, Fritz8.ctg
} 1. d4 Nf6 2. c4 g6 3. Nc3 d5 4. Nf3 c6 5. Bf4 Bg7 6. e3
O-O 7. Rc1 Qa5 8. Bd3 (8. Qd2 Be6 9. cxd5 Nxd5 10. Nxd5 Qxd2+ 11. Kxd2 Bxd5 12.
Bc4) 8... dxc4 9. Bxc4 Nd5 10. Bg3 h6 11. O-O Nb6 12. Bb3 Bg4 13. h3 Bh5 14.
Bh2 (14. Bc7) (14. Ne4 N8d7 15. Nc5 Nxc5 16. Rxc5) 14... g5 15. g4 Bg6 16. Ne5
Bxe5 17. Bxe5 N8d7 18. Bg3 Nf6 19. f4 Ne4 20. Nxe4 $6 (20. Qd3 $142 gxf4 21.
Bxf4 c5 22. dxc5 Rfd8 23. Qb1 Qxc5 24. Nxe4 Qb4 25. Bc2 Nd5 26. Bxh6 Rac8 27.
Nf6+ Nxf6 28. Bxg6 fxg6 29. Qxg6+ Kh8 30. Qg7#) 20... Bxe4 21. Rc5 Qa6 22. fxg5
Nd7 23. Rc1 hxg5 24. Qd2 Kg7 25. Qf2 Qa5 26. h4 f5 27. hxg5 (27. Qe2 Bd5 28.
Be1 Qb6 29. hxg5) 27... fxg4 28. Bf4 $4 (28. Qh2 Rh8 29. Rf7+ Kg6 30. Bh4 g3
31. Qxg3 Bd5 32. Rxe7 $18) 28... Rh8 29. Bh2 Raf8 30. Qg3 Qxg5 $6 (30... Rh3
$142 31. Rxf8 Rxg3+ 32. Bxg3 Kxf8) 31. Be6 $2 (31. Rxf8 $142 Rxf8 32. Rf1)
31... Rxh2 32. Qxh2 (32. Kxh2 Qh5+ 33. Kg1 Qh1#) 32... Qxe3+ 0-1